 Dungeon Sprint DCSS version 0.26-a0-1177-g1209ec82b9 (webtiles) character file.

Game seed: 18158963771583606411

1287 reriks the Cleaver (level 8, -3/127 HPs)
             Began as a Deep Dwarf Berserker on Dec 24, 2020.
             Was a High Priest of Trog.
             Succumbed to a death drake's dark miasma
             ... in the Dungeon (Sprint II: "The Violet Keep of Menkaure").
             The game lasted 00:04:37 (1484 turns).

reriks the Cleaver (Deep Dwarf Berserker)           Turns: 1484, Time: 00:04:37

Health: -3/127     AC: 16    Str: 23    XL:     8   Next: 30%
Magic:  7/7        EV: 16    Int:  8    God:    Trog [*****.]
Gold:   135        SH:  0    Dex: 14    Spells: 7/7 levels left

rFire    . . .     SeeInvis .   a - +0 hand axe
rCold    . . .     Faith    .   (no shield)
rNeg     . . .     Spirit   .   l - +5 scale mail of the Guild-Master {Dex+2}
rPois    .         Reflect  .   n - +0 helmet
rElec    .         Harm     .   (no cloak)
rCorr    .         Rampage  .   m - +0 pair of gloves
Will     +....     NoTele   +   (no boots)
Stlth    ..........             (no amulet)
HPRegen  0.00/turn              (no ring)
MPRegen  0.10/turn              (no ring)

@: berserking (expiring), lethally poisoned (-3 -> -177), non-regenerating,
slowed
A: damage resistance, heal wounds, sense surroundings 1, no regeneration
a: Heal Wounds, Renounce Religion, Berserk, Trog's Hand, Brothers in Arms


You were in the Dungeon.
You worshipped Trog.
Trog was extremely pleased with you.
You visited 1 branch You collected 729 gold pieces.
You spent 594 gold pieces at shops.

Inventory:

Hand Weapons
 a - a +0 hand axe (weapon)
Armour
 b - a +0 animal skin
 l - the +5 scale mail of the Guild-Master (worn) {Dex+2}
   (You bought it in a shop in the Dungeon)

   It affects your dexterity (+2).
 m - a +0 pair of gloves (worn)
 n - a +0 helmet (worn)
Scrolls
 h - a scroll of blinking
 k - a scroll of identify
Potions
 d - a potion of heal wounds
 e - a potion of haste
 f - 2 potions of magic
 g - a potion of berserk rage
 i - a potion of ambrosia {unknown}
 j - 2 potions of flight


   Skills:
 + Level 9.0 Fighting
 + Level 10.6 Axes
 + Level 10.3 Armour
 + Level 10.3 Dodging


You had 7 spell levels left.
You didn't know any spells.
Your spell library was empty.

Dungeon Overview and Level Annotations

Branches:
Dungeon (1/1)

Altars:
Dithmenos
Elyvilon
Fedhas
Gozag
Kikubaaqudgha
Makhleb
Nemelex Xobeh
Okawaru
Ru
Sif Muna
Trog
Uskayaw
Vehumet
Wu Jian
Xom
Yredelemnul
Zin
The Shining One
Jiyva
Lugonu

Shops:
D (::[![}:==?*!}=

Annotations:
D exclusion: oklob plant, Roxanne


Innate Abilities, Weirdness & Mutations

You are resistant to damage.
You can heal yourself by infusing magical energy.
You passively map a small area around you.
You do not regenerate.


Message History

You feel extremely sick. The death drake bites you!
* * * LOW HITPOINT WARNING * * *
Your Fighting skill increases to level 9!
Your Axes skill increases to level 10!
Your Armour skill increases to level 10!
Your Dodging skill increases to level 10!
You have reached level 8!
You feel clever.
You are too berserk!
Unknown command.
You are too berserk!
Unknown command.
Unknown command.
You hit the death drake.
The death drake is severely wounded.
You are engulfed in dark miasma.
You are more poisoned.
* * * LOW HITPOINT WARNING * * *
You die...

≈≈..≈≈# , #+#*.. * *#. k
* ..###.#### +.##. , ,
** .##.# ...# ...# *
.#.####..## *#..# , * ,
#'###.##..# +^^# , ,
#.##...#..# ,#°.# # , ,
* .<.'##.'..####°°##.#*
, *
#.##...#....###k@°##▓▓▓
#'###.##.....§§°°°≈≈≈≈≈≈
≈ ≈
#.#####≈≈..§..°#+#######
+ ≈
.#..#≈≈≈≈≈≈§..≈#_._._...
≈ *
.#.##≈≈≈≈≈≈≈≈.≈#._._._._
≈
#'##≈≈≈≈≈≈§≈≈§≈#_._._._.
≈ *
≈≈≈≈≈≈≈§≈§≈≈≈≈§#._._._._
*
+#+++#≈§≈≈≈≈≈≈§#.._._._.
≈ ≈ ≈S≈≈
##§≈§###≈≈#..._._


You could see a death drake.

Vanquished Creatures
  A death drake (D)
  Menkaure (D)
  A water moccasin (D)
  2 swamp drakes (D)
  4 necrophages (D)
  4 worker ants (D)
  A hell rat (D)
  3 worms (D)
17 creatures vanquished.

Vanquished Creatures (others)
  A water moccasin (D)
1 creature vanquished.

Grand Total: 18 creatures vanquished

Notes
Turn   | Place    | Note
-------+----------+-------------------------------------------
     0 | D        | reriks the Deep Dwarf Berserker began the quest for the
                  | Orb.
     0 | D        | Reached XP level 1. HP: 20/20 MP: 1/1
    18 | D        | Reached ** piety under Trog
    19 | D        | Reached XP level 2. HP: 10/28 MP: 2/2
   176 | D        | Identified Roxanne's Disquisition on Changing
   176 | D        | Noticed Roxanne
   176 | D        | Noticed Menkaure
   178 | D        | Killed Menkaure
   179 | D        | Reached XP level 3. HP: 36/36 MP: 3/3
   180 | D        | Noticed a water moccasin
   216 | D        | Noticed a necrophage
   216 | D        | Noticed a necrophage
   216 | D        | Noticed a necrophage
   216 | D        | Noticed a necrophage
   227 | D        | Killed a necrophage
   228 | D        | Reached skill level 5 in Fighting
   228 | D        | Reached skill level 5 in Armour
   228 | D        | Reached skill level 5 in Dodging
   228 | D        | Reached XP level 4. HP: 46/46 MP: 4/4
   232 | D        | Killed a necrophage
   232 | D        | Reached *** piety under Trog
   233 | D        | Reached XP level 5. HP: 55/55 MP: 5/5
   242 | D        | Killed a necrophage
   243 | D        | Reached XP level 6. HP: 48/63 MP: 6/6
   244 | D        | Killed a water moccasin
   621 | D        | Noticed a boulder beetle
   621 | D        | Noticed a boulder beetle
   649 | D        | Reached **** piety under Trog
   912 | D        | Found Raquig's Jewellery Emporium.
   914 | D        | Found Faitahac's Distillery.
   915 | D        | Found Wujuyr's General Store.
   916 | D        | Found Ebes's Jewellery Shoppe.
  1062 | D        | Found Masmu's Jewellery Shoppe.
  1063 | D        | Found Mefoi's Gadget Shoppe.
  1063 | D        | Found Biqi's Gadget Shoppe.
  1063 | D        | Found Ocsag's Antique Armour Emporium.
  1063 | D        | Found Ibbanorph's Magic Scroll Shoppe.
  1063 | D        | Found Zabb's Book Emporium.
  1067 | D        | Found Utiregho's Distillery.
  1067 | D        | Found Lenor's Antique Armour Emporium.
  1067 | D        | Noticed a death yak
  1067 | D        | Noticed an oklob plant
  1068 | D        | Found Buor's Book Shoppe.
  1068 | D        | Found Kaan's Antique Weapon Emporium.
  1068 | D        | Found Luskic's Book Shoppe.
  1069 | D        | Noticed a shining eye
  1071 | D        | Noticed a shining eye
  1082 | D        | Noticed a shining eye
  1085 | D        | Killed a water moccasin
  1086 | D        | Reached XP level 7. HP: 72/73 MP: 6/6
  1087 | D        | Bought 2 potions of flight for 66 gold pieces
  1092 | D        | Bought a scroll of identify for 24 gold pieces
  1094 | D        | Noticed a manticore
  1095 | D        | Bought a slimy scale mail for 270 gold pieces
  1097 | D        | Noticed a manticore
  1098 | D        | Noticed a manticore
  1102 | D        | Bought a pair of gloves for 117 gold pieces
  1112 | D        | Identified the +5 scale mail of the Guild-Master {Dex+2}
                  | (You bought it in a shop in the Dungeon)
  1117 | D        | Bought a helmet for 117 gold pieces
  1149 | D        | Found an iron altar of Okawaru.
  1149 | D        | Found an opulent altar of Gozag.
  1150 | D        | Found a sparkling altar of Nemelex Xobeh.
  1150 | D        | Found a blossoming altar of Fedhas.
  1151 | D        | Found a radiant altar of Vehumet.
  1151 | D        | Found a burning altar of Makhleb.
  1151 | D        | Found a white marble altar of Elyvilon.
  1152 | D        | Found a hide-covered altar of Uskayaw.
  1152 | D        | Found a corrupted altar of Lugonu.
  1152 | D        | Found a shadowy altar of Dithmenos.
  1153 | D        | Found a glowing silver altar of Zin.
  1153 | D        | Found a bloodstained altar of Trog.
  1153 | D        | Found an ancient bone altar of Kikubaaqudgha.
  1154 | D        | Found a basalt altar of Yredelemnul.
  1154 | D        | Found a shimmering blue altar of Sif Muna.
  1154 | D        | Found a viscous altar of Jiyva.
  1155 | D        | Found a shimmering altar of Xom.
  1155 | D        | Found a sacrificial altar of Ru.
  1156 | D        | Noticed a death drake
  1469 | D        | Noticed a death drake
  1471 | D        | Found a glowing golden altar of the Shining One.
  1471 | D        | Found an ornate altar of the Wu Jian Council.
  1483 | D        | Killed a death drake
  1483 | D        | Reached ***** piety under Trog
  1484 | D        | Reached skill level 10 in Axes
  1484 | D        | Reached skill level 10 in Armour
  1484 | D        | Reached skill level 10 in Dodging
  1484 | D        | Reached XP level 8. HP: 8/85 MP: 7/7
  1484 | D        | HP: 5/127 [death drake] (3)]
  1484 | D        | Succumbed to a death drake's dark miasma

Illustrated notes

Levels and vault maps discovered:
D:        the_violet_keep_of_menkaure [sprint2_stairs_cluster_1,
          sprint2_shoproom, sprint2_temple, sprint2_basic_supplies,
          sprint2_obstacle_5, sprint2_obstacle_2, sprint2_obstacle_6,
          sprint2_obstacle_4, sprint2_obstacle_1, sprint2_timed_cluster_1,
          sprint2_smallroom_cluster_1, sprint2_smallroom_final_cluster_1,
          sprint2_transparent_cluster_1, sprint2_second_timed_cluster_1,
          sprint2_sniper_area_1, sprint2_heavy_combat_area_1,
          sprint2_mutation_trap_area_1, sprint2_forest_area_1,
          sprint2_light_combat_area_1, sprint2_behind_water_1,
          sprint2_near_end_vault_1]

Skill      XL: |  1  2  3  4  5  6  7 |
---------------+----------------------+-----
Fighting       | 3 5 6 7 9 |  9.0
Armour         | 3 4 5 6 7 8 10 | 10.3
Dodging        | 3 4 5 6 7 8 10 | 10.3
Axes           | 4 6 7 9 10 | 10.6

Action                   |  1- 3 |  4- 6 |  7- 9 || total
-------------------------+-------+-------+-------++-------
Melee: Hand axe          |    23 |    80 |    37 ||   140
Invok: Berserk           |     3 |     2 |     2 ||     7
       Trog's Hand       |       |       |     1 ||     1
 Abil: Heal Wounds       |     1 |     5 |     1 ||     7
  Use: Potion            |       |       |     1 ||     1
Armor: Animal skin       |     2 |     4 |       ||     6
       Scale mail        |       |       |    32 ||    32
Dodge: Dodged            |     4 |    53 |    52 ||   109

Table legend: (Time is in decaauts)
 A = Elapsed time spent in this place.
 B = Non-inter-level travel time spent in this place.
 C = Inter-level travel time spent in this place.
 D = Time resting spent in this place.
 E = Time spent auto-exploring this place.
 F = Levels seen in this place.
 G = Mean time per level.
                   A        B        C        D        E       F      G
               +--------+--------+--------+--------+--------+-----+--------+
         Total |   1540 |   1540 |      0 |   1143 |     16 |   1 | 1540.0 |
       Dungeon |   1540 |   1540 |      0 |   1143 |     16 |   1 | 1540.0 |
               +--------+--------+--------+--------+--------+-----+--------+

Top non-repeatable levels by time:
       D: 1540 daAuts
